 Dungeon Crawl Stone Soup version 0.29.1-2-gbd0b4ee654 (webtiles) character file.

Game seed: 10091336670458098642

63 lenfi the Trooper (level 3, -1/39 HPs)
             Began as a Troll Monk on Dec 1, 2022.
             Was a Believer of Elyvilon.
             Killed from afar by a white imp (11 damage)
             ... with a puff of frost
             ... summoned by Natasha
             ... on level 2 of the Dungeon.
             The game lasted 00:20:35 (2080 turns).

lenfi the Trooper (Troll Monk)                      Turns: 2080, Time: 00:20:35

Health: -1/39      AC:  4    Str: 21    XL:     3   Next: 89%
Magic:  2/2        EV: 10    Int:  6    God:    Elyvilon [**....]
Gold:   66         SH:  0    Dex: 12    Spells: 2/2 levels left

rFire   . . .      SeeInvis .   d - +0 dagger
rCold   . . .      Faith    .   (no shield)
rNeg    . . .      Spirit   .   s - +0 robe
rPois   .          Reflect  .   (helmet restricted)
rElec   .          Harm     .   (no cloak)
rCorr   .          Rampage  .   (gloves unavailable)
Will    .....                   (boots unavailable)
Stlth   ++........              (no amulet)
HPRegen 0.93/turn               (no ring)
MPRegen 0.08/turn               (no ring)

@: slowed, very slow
A: large, unfitting armour, claws 3, regeneration 1, shaggy fur 1, tough skin 1
a: Renounce Religion, Purification, Heal Other


You were on level 2 of the Dungeon.
You worshipped Elyvilon.
Elyvilon was pleased with you.
You visited 1 branch of the dungeon, and saw 3 of its levels.

You collected 66 gold pieces.

Inventory:

Hand Weapons
 a - a +0 mace
 d - a +0 dagger (weapon)
 f - a +0 bardiche
 i - a +0 short sword
Missiles
 o - 10 stones
 r - 2 poisoned darts (quivered)
Armour
 s - a +0 robe (worn)
Scrolls
 b - a scroll of poison {unknown}
 e - a scroll of teleportation {unknown}
 j - a scroll of noise {unknown}
 k - a scroll of butterflies {unknown}
 l - a scroll of summoning {unknown}
 m - 4 scrolls of identify {unknown}
 n - a scroll of torment {unknown}
 q - a scroll of amnesia {unknown}
Potions
 c - 2 potions of ambrosia
 g - a potion of lignification {unknown}
 h - a potion of flight {unknown}
 p - a potion of might {unknown}


   Skills:
 + Level 3.7 Fighting
 - Level 2.6 Maces & Flails
 * Level 1.1 Throwing
 - Level 2.4 Dodging
 - Level 1.0 Stealth
 * Level 0.3 Invocations


You had 2 spell levels left.
You didn't know any spells.
Your spell library was empty.

Dungeon Overview and Level Annotations

Branches:
Dungeon (3/15)

Altars:
Elyvilon

Annotations:
D:2 Natasha


Innate Abilities, Weirdness & Mutations

You are too large for most types of armour.
You have claws for hands.
Your natural rate of healing is unusually fast.
You are covered in fur. (AC +1)
You have tough skin. (AC +1)


Message History

Natasha attacks as you move away! Natasha claws you.
Natasha mumbles some strange words.
Natasha glows brightly for a moment.
Natasha claws you! Natasha claws you.
There is a stone staircase leading down here.
Throw: 4 darts (poison)
Press: ? - help, Q - select action, (/) - cycle Shift-Dir - straight line, f - Natasha
Aim: Natasha (50% to hit)
You throw a poisoned dart. The poisoned dart hits Natasha.
Natasha is poisoned.
Natasha stares at you and mumbles some strange words.
The magic dart hits you.
Unknown command.
Throw: 3 darts (poison)
Press: ? - help, Q - select action, (/) - cycle Shift-Dir - straight line, f/p - Natasha
Aim: Natasha (poisoned, 50% to hit)
You throw a poisoned dart. The poisoned dart hits Natasha.
Natasha looks even sicker.
Natasha claws you!
* * * LOW HITPOINT WARNING * * *
Natasha barely misses you. Natasha claws you.
* * * LOW HITPOINT WARNING * * *
You climb downwards.
There is a stone staircase leading up here.
Natasha attacks as you move away! Natasha closely misses you.
Natasha stares at you and mumbles some strange words.
You feel as though you will be slow longer.
Natasha attacks as you move away! Natasha closely misses you.
Natasha mumbles some strange words.
The white imp attacks as you move away!
The white imp hits you but does no damage.
Natasha casts a spell.
The white imp gestures at you. The puff of frost hits you!
Elyvilon protects you from harm!
Natasha mumbles some strange words.
The white imp grins evilly.
The white imp lashes its tail.
The white imp gestures at you. The puff of frost hits you!
You die...

..............................>##
...............................##
.............................####
.........###.................# #
#........'.#.................# ##
#........#.#.................# #.
#........#)#........5........# #.
......÷..#.......5h..........###.
......>.##......@.5.<............
†................................
..................#.....#........
..................#.....#........
............#.....#.....#........
............#######.....####.....
......................### #.....
........................# #.....
........................# ####..


You could see Natasha (poisoned), 2 crimson imps and a white imp (summoned).

Vanquished Creatures
  An adder (D:2)
  A dart slug (D:2)
  4 ball pythons
  4 endoplasms
  2 goblins (D:2)
  4 hobgoblins
  5 jackals (D:1)
  2 quokkas
  8 bats
  4 frilled lizards (D:1)
  6 kobolds
  8 rats
49 creatures vanquished.

Notes
Turn   | Place    | Note
-------+----------+-------------------------------------------
     0 | D:1      | lenfi the Troll Monk began the quest for the Orb.
     0 | D:1      | Reached XP level 1. HP: 22/22 MP: 0/0
   227 | D:1      | Reached skill level 3 in Fighting
   227 | D:1      | Reached XP level 2. HP: 31/31 MP: 1/1
   781 | D:2      | Found a white marble altar of Elyvilon.
   801 | D:2      | Reached XP level 3. HP: 37/37 MP: 2/2
   872 | D:2      | Noticed Natasha
  1038 | D:2      | Became a worshipper of Elyvilon the Healer
  1038 | D:2      | Reached * piety under Elyvilon
  1038 | D:2      | Reached ** piety under Elyvilon
  1386 | D:1      | Reached skill level 1 in Throwing
  2079 | D:2      | Elyvilon protects you from harm!
  2080 | D:2      | Killed from afar by a white imp

Illustrated notes

Levels and vault maps discovered:
D:1:      shiori_arrival_elements, layout_rooms, serial_co_window_serial,
          co_window_of_opportunity_a, co_window_corner_a,
          co_window_of_opportunity_a, co_window_corner_a, co_window_paths_b,
          co_window_paths_a, co_window_corner_a, co_window_unsneaky_path_e,
          co_window_corner_ca, co_window_unsneaky_path_a,
          co_window_of_opportunity_c, co_window_unsneaky_path_c,
          glass_columns_a, glass_columns_b, glass_columns_b, glass_columns_a,
          glass_columns_a
D:2:      layout_basic, basic_altar, grunt_decor_clamped,
          minmay_small_reverse_x, uniq_natasha
D:3:      layout_basic, ebering_ecumenical_altar_rust, small_statue_intersection

Skill      XL: |  1  2  3 |
---------------+----------+-----
Fighting       | 3 |  3.7
Throwing       | 1 |  1.1
Maces & Flails | |  2.6
Dodging        | |  2.4
Stealth        | |  1.0
Invocations    | |  0.3

Action                   || total
-------------------------++-------
Melee: Dagger            ||   320
       Mace              ||     4
       Punch             ||     5
Throw: Stone             ||     8
       Dart              ||    13
 Stab: Sleeping          ||     1
Armor: Robe              ||   178
Dodge: Dodged            ||   253
